 Dungeon Crawl Stone Soup version 0.23-a0-767-gdc19b93 (webtiles) character file.

29362 Lanoc the Fencer (level 13, -30/119 HPs)
             Began as a Yellow Draconian Berserker on Jan 19, 2019.
             Was a High Priest of Trog.
             Annihilated by an ettin
             ... wielding a +1 dire flail of protection
              (47 damage)
             ... on level 15 of the Dungeon.
             The game lasted 00:50:38 (14520 turns).

Lanoc the Fencer (Yellow Draconian Berserker)      Turns: 14520, Time: 00:50:40

Health: -30/119    AC: 10    Str: 42      XL:     13   Next: 14%
Magic:  13/13      EV: 16    Int:  8 (9)  God:    Trog [*****.]
Gold:   94         SH:  0    Dex:  7      Spells: 12/12 levels left

rFire    . . .     SeeInvis .   s - +8 demon blade of the Dead {chaos, rElec rC++ Str+4}
rCold    + + .     Gourm    .   (no shield)
rNeg     . . .     Faith    +   (armour unavailable)
rPois    +         Spirit   .   (helmet restricted)
rElec    +         Reflect  .   (no cloak)
rCorr    +         Harm     .   B - +1 pair of gloves {Str+3}
MR       .....                  (no boots)
Stlth    +.........             I - amulet of Nurag {Faith +Inv Str+4 Int+2 Slay-5}
HPRegen  0.29/turn              r - +3 ring of intelligence
MPRegen  0.13/turn              G - ring of the Mackerel {rPois Str+7 Int-5 Dex-3}

@: berserk cooldown, very slightly contaminated, slowed, very slow
A: spit acid, acid resistance, unfitting armour, cold-blooded, AC +8
a: Breathe Acid, Berserk, Trog's Hand, Brothers in Arms, Renounce Religion,
Evoke Invisibility


You were on level 15 of the Dungeon.
You worshipped Trog.
Trog was extremely pleased with you.
You were not hungry.

You visited 2 branches of the dungeon, and saw 15 of its levels.
You also visited: Sewer, Bailey and Gauntlet.

You collected 858 gold pieces.
You spent 764 gold pieces at shops.

Inventory:

Hand Weapons
 s - the +8 demon blade of the Dead (weapon) {chaos, rElec rC++ Str+4}
   (You subdued it on level 12 of the Dungeon)

   Each time it hits an enemy it has a different, random effect.
   It affects your strength (+4).
   It greatly protects you from cold.
   It insulates you from electricity.
 C - a +2 great sword of freezing
Missiles
 E - 4 exploding tomahawks (quivered)
Armour
 p - the +0 cloak "Trusted Companion" {-Tele rElec Dex+7}
   (You acquired it on level 10 of the Dungeon)

   It affects your dexterity (+7).
   It insulates you from electricity.
   It prevents most forms of teleportation.
 B - a +1 pair of gloves of strength (worn)
Jewellery
 m - the amulet of the Air {Inacc +Fly rElec EV+5 RMsl}
   (You found it on level 10 of the Dungeon)

   [amulet of inaccuracy]

   It reduces the accuracy of all your attacks.
   It affects your evasion (+5).
   It insulates you from electricity.
   It lets you fly.
   It protects you from missiles.
 r - a +3 ring of intelligence (left hand)
 v - the ring "Dajolak" {+Fly MP+9}
   (You found it in a Gauntlet)

   [ring of flight]

   It affects your magic capacity (+9).
   It lets you fly.
 G - the ring of the Mackerel (right hand) {rPois Str+7 Int-5 Dex-3}
   (You found it on level 12 of the Dungeon)

   [ring of dexterity]

   It affects your strength (+7).
   It affects your intelligence (-5).
   It affects your dexterity (-3).
   It protects you from poison.
 I - the amulet of Nurag (around neck) {Faith +Inv Str+4 Int+2 Slay-5}
   (You found it in a Gauntlet)

   [amulet of faith]

   It allows you to gain divine favour quickly.
   It affects your strength (+4).
   It affects your intelligence (+2).
   It affects your accuracy and damage with ranged weapons and melee attacks
   (-5).
   It lets you turn invisible.
Wands
 o - a wand of random effects (14)
 y - a wand of acid (23)
 A - a wand of iceblast (21)
Scrolls
 c - 8 scrolls of teleportation
 d - 6 scrolls of enchant armour
 e - 7 scrolls of identify
 k - a scroll of magic mapping
 l - 2 scrolls of immolation
 n - a scroll of blinking
 q - 3 scrolls of enchant weapon
 t - 7 scrolls of remove curse
 D - a scroll of summoning
Potions
 a - a potion of invisibility
 f - 4 potions of agility
 g - 8 potions of magic
 h - 3 potions of berserk rage
 i - a potion of ambrosia
 j - 8 potions of flight
 u - 3 potions of mutation
 w - 2 potions of might
 x - a potion of resistance
 z - a potion of brilliance
 F - 4 potions of heal wounds
 H - 4 potions of curing
 K - a potion of lignification
Miscellaneous
 J - a lightning rod (4/4)
Comestibles
 b - 18 rations


   Skills:
 + Level 12.5 Fighting
 * Level 15.5 Long Blades
 + Level 10.8 Dodging


You had 12 spell levels left.
You didn't know any spells.
Your spell library contained the following spells:

 Spells                   Type           Power        Failure   Level  Hunger
 Haunt                    Necr/Summ      #.........   100%        7    #######
 Borgnjor's Revivificati  Necr           #.........   100%        8    #######
 Death's Door             Chrm/Necr      #.........   100%        8    #######
 Infestation              Necr           #.........   100%        8    #######
 Necromutation            Tmut/Necr      #.........   100%        8    #######


Dungeon Overview and Level Annotations

Branches:
Dungeon (13/15)            Temple (1/1) D:7            Lair (0/6) D:11
    Orc (0/2) D:9          Depths (0/5) D:15
 Vaults: D:13-14

Altars:
Ashenzari
Cheibriados
Dithmenos
Elyvilon
Fedhas
Gozag
Hepliaklqana
Kikubaaqudgha
Makhleb
Nemelex Xobeh
Okawaru
Qazlal
Ru
Sif Muna
Trog
Uskayaw
Vehumet
Wu Jian
Xom
Yredelemnul
Zin
The Shining One

Shops:
D:8 :   D:10 *:   D:12 !(

Annotations:
D:7 2 transporters, Rhok's ghost, novice BaAK


Innate Abilities, Weirdness & Mutations

You can spit globs of acid.
You are resistant to acid.
Your golden yellow scales are hard. (AC +8)
You cannot fit into any form of body armour.
You are cold-blooded and may be slowed by cold attacks.


Message History

You are no longer berserk.
You are exhausted.
You feel yourself slow down.
Blink to where?
Press: ? - help, Dir - move target cursor You are very lightly contaminated with residual magic.
As you read the scroll of blinking, it crumbles to dust.
Found 9 gold pieces.
You see here 9 gold pieces.
Found a scroll of fog and a ration.
Okay, then.
Your troll goes berserk!
You feel quite a bit more hungry.
You swap places.
Your troll bites the ettin but does no damage.
Your troll claws the ettin but does no damage. x2
The ettin hits you with a +1 dire flail of protection!
* * * LOW HITPOINT WARNING * * *
The ettin hits you with a +0 dire flail!!!
You die...

.. #.#
#......# ..
#.# #......#
. #.#
#..#...# .
#.# #..#...#
..#####e#
#.<#...#
........#
#..#...#
........#
#..#......
...####C#
#..#..###..#
.. #.#
#.@#..# .#
#.# #TC#..#
.
#.###.....#
#.C.e.##..#
#.....# ..#
#.....# .#
#....?# .#
#.....# #
#..%..#


You could see an ettin, a deep elf mage and a friendly troll (berserk).

Vanquished Creatures
  A minotaur (Gauntlet)
  A death ooze (Gauntlet)
  4 two-headed ogres
  An ogre mage (D:15)
  A shock serpent (shapeshifter) (D:13)
  A hell knight (D:15)
  A wretched star (Gauntlet)
  4 skeletal warriors (D:12)
  2 unseen horrors
  A wizard (D:11)
  5 orc knights
  A deep elf mage (D:7)
  A cyclops (D:12)
  4 ugly things
  A gargoyle (D:11)
  A komodo dragon (D:10)
  A troll (D:11)
  2 slime creatures (Gauntlet)
  A hornet (D:9)
  3 hippogriffs
  12 yaks
  2 shadows
  A wyvern (D:8)
  A wraith (D:12)
  A neqoxec (Gauntlet)
  A hungry ghost (D:9)
  3 vampire mosquitoes (D:13)
  A warg (D:9)
  A water moccasin (D:13)
  2 porcupines (D:11)
  2 black bears
  6 orc warriors
  2 ice beasts
  3 sky beasts
  6 ogres
  5 phantoms
  9 centaurs
  A crocodile (D:9)
  7 big kobolds
  10 bullfrogs
  2 gnoll sergeants
  2 small abominations (Gauntlet)
  A water moccasin skeleton (D:9)
  3 scorpions
  12 killer bees
  6 wights
  3 howler monkeys (D:8)
  2 electric eels (D:9)
  9 crimson imps
  3 centaur zombies
  2 bullfrog zombies
  3 quasits
  6 hounds
  6 orc priests
  A jelly (D:11)
  18 orc wizards
  2 bullfrog skeletons
  2 centaur skeletons
  6 iguanas
  7 worker ants
  A killer bee zombie (D:8)
  3 hound zombies
  17 adders
  21 gnolls
  A howler monkey skeleton (D:4)
  A river rat (Sewer)
  5 shadow imps
  An adder skeleton (D:4)
  11 leopard geckos
  56 orcs
  7 bats
  6 giant cockroaches
  10 goblins
  21 hobgoblins
  13 jackals
  48 kobolds
  4 quokkas
  7 frilled lizards
  A leopard gecko skeleton (D:5)
  2 quokka skeletons (D:4)
  11 rats
  3 plants (Gauntlet)
459 creatures vanquished.

Vanquished Creatures (collateral kills)
  The ghost of Xoalot the Slicer, a journeyman HaEn of Gozag (D:12)
  A dancing weapon (D:12)
2 creatures vanquished.

Vanquished Creatures (others)
  A wizard (D:10)
  An adder (D:9)
  A plant (Gauntlet)
3 creatures vanquished.

Grand Total: 464 creatures vanquished

Notes
Turn   | Place    | Note
-------+----------+-------------------------------------------
     0 | D:1      | Lanoc the Draconian Berserker began the quest for the Orb.
     0 | D:1      | Reached XP level 1. HP: 19/19 MP: 1/1
   135 | D:1      | Reached XP level 2. HP: 19/26 MP: 2/2
   697 | D:2      | Reached XP level 3. HP: 27/33 MP: 3/3
   724 | D:2      | Reached ** piety under Trog
   840 | D:2      | Found a stormy altar of Qazlal.
  1125 | D:2      | Found a burning altar of Makhleb.
  1125 | D:2      | Found a sparkling altar of Nemelex Xobeh.
  1132 | D:2      | Reached skill level 4 in Long Blades
  1134 | D:2      | Found a bloodstained altar of Trog.
  1134 | D:2      | Found a shimmering altar of Xom.
  1137 | D:2      | Found a glowing golden altar of the Shining One.
  1189 | D:3      | Reached XP level 4. HP: 33/40 MP: 4/4
  1306 | D:3      | Reached XP level 5. HP: 44/46 MP: 5/5
  1367 | D:3      | Found a blossoming altar of Fedhas.
  1599 | D:3      | Found an opulent altar of Gozag.
  1600 | D:3      | Found a glowing silver altar of Zin.
  1646 | D:3      | Reached *** piety under Trog
  1653 | D:3      | Reached skill level 5 in Long Blades
  1668 | D:3      | Reached XP level 6. HP: 43/53 MP: 6/6
  1826 | D:4      | Found a burning altar of Makhleb.
  2201 | D:4      | Reached skill level 5 in Fighting
  2379 | D:4      | Reached skill level 6 in Long Blades
  2417 | D:4      | Your scales start taking on a golden yellow colour.
  2417 | D:4      | Reached XP level 7. HP: 57/61 MP: 7/7
  2515 | D:5      | Entered Level 5 of the Dungeon
  2622 | D:5      | Found a glowing drain.
  2634 | D:5      | Reached **** piety under Trog
  2638 | Sewer    | Entered a sewer
  2739 | Sewer    | Found a white marble altar of Elyvilon.
  2986 | D:5      | Reached skill level 7 in Long Blades
  3143 | D:5      | Reached skill level 5 in Dodging
  3398 | D:5      | Reached XP level 8. HP: 53/70 MP: 8/8
  3455 | D:5      | Found a sacrificial altar of Ru.
  3975 | D:6      | Found a basalt altar of Yredelemnul.
  4250 | D:6      | Reached skill level 8 in Long Blades
  4839 | D:7      | Noticed a deep elf mage
  4850 | D:7      | Killed a deep elf mage
  4850 | D:7      | Reached skill level 9 in Long Blades
  4850 | D:7      | Reached XP level 9. HP: 40/79 MP: 9/9
  4911 | D:7      | Noticed a cyclops
  4911 | D:7      | Noticed a moth of wrath
  4911 | D:7      | Noticed Rhok's ghost (novice BaAK)
  4949 | D:7      | Reached ***** piety under Trog
  5444 | D:7      | Found a staircase to the Ecumenical Temple.
  5451 | Temple   | Entered the Ecumenical Temple
  5656 | D:7      | Found a bloodstained altar of Trog.
  5670 | D:7      | Found a transporter.
  5673 | D:7      | Found a transporter.
  5992 | D:8      | Found a shimmering altar of Xom.
  6019 | D:8      | Received a gift from Trog
  6026 | D:8      | Reached skill level 10 in Long Blades
  6575 | D:8      | Found Ritog's Book Shoppe.
  6589 | D:8      | Reached XP level 10. HP: 82/90 MP: 10/10
  6917 | D:9      | Reached skill level 11 in Long Blades
  7087 | D:9      | Found a staircase to the Orcish Mines.
  7429 | D:9      | Received a gift from Trog
  7617 | D:9      | HP: 2/91 [centaur/arrow (12)]
  7627 | D:9      | HP: 2/91 [centaur/arrow (6)]
  8444 | D:10     | Entered Level 10 of the Dungeon
  8444 | D:10     | Found Ynimahos's General Store.
  8500 | D:10     | Found Dicoi's Book Boutique.
  8528 | D:10     | Found the amulet of the Air {Inacc +Fly rElec EV+5 RMsl}
  8545 | D:10     | Found a flagged portal.
  8557 | D:10     | Found a bloodstained altar of Trog.
  8691 | Bailey   | Entered a bailey
  9064 | Bailey   | Noticed an orc knight
  9081 | Bailey   | Killed an orc knight
  9081 | Bailey   | Reached skill level 12 in Long Blades
  9204 | D:10     | Killed an unseen horror
  9204 | D:10     | Reached XP level 11. HP: 59/99 MP: 11/11
  9377 | D:10     | Identified a scroll of acquirement
  9611 | D:10     | Reached skill level 10 in Fighting
  9673 | D:10     | Noticed a wizard
  9678 | D:10     | Killed a wizard
  9836 | D:11     | Noticed a green ugly thing
  9850 | D:11     | Killed a green ugly thing
 10344 | D:11     | Noticed an orc knight
 10344 | D:11     | Noticed an orc knight
 10344 | D:11     | Noticed an orc knight
 10346 | D:11     | Noticed a red ugly thing
 10377 | D:11     | Killed a red ugly thing
 10723 | D:11     | Noticed an orc knight
 10728 | D:11     | Noticed a wizard
 10735 | D:11     | Killed an orc knight
 10821 | D:10     | Killed an orc knight
 10821 | D:10     | Reached skill level 13 in Long Blades
 10873 | D:10     | Killed an orc knight
 10939 | D:11     | Killed a wizard
 10943 | D:11     | Killed an orc knight
 11198 | D:11     | Noticed a red ugly thing
 11210 | D:11     | Killed a red ugly thing
 11210 | D:11     | Received a gift from Trog
 11491 | D:11     | Found a staircase to the Lair.
 11900 | D:12     | Found Zysazut's Distillery.
 11905 | D:12     | Bought a potion of heal wounds for 50 gold pieces
 11905 | D:12     | Bought a potion of heal wounds for 50 gold pieces
 11905 | D:12     | Bought a potion of might for 40 gold pieces
 11924 | D:12     | Reached XP level 12. HP: 110/110 MP: 12/12
 11981 | D:12     | Found Qyefann's Weapon Boutique.
 11988 | D:12     | Noticed a two-headed ogre
 11996 | D:12     | Killed a two-headed ogre
 12089 | D:12     | Reached skill level 14 in Long Blades
 12634 | D:12     | Noticed a two-headed ogre
 12641 | D:12     | Killed a two-headed ogre
 12641 | D:12     | Reached skill level 10 in Dodging
 12837 | D:12     | Found a runed door.
 12837 | D:12     | Found a shimmering altar of Xom.
 12837 | D:12     | Identified the +8 demon blade of the Dead {chaos, rElec
                  | rC++ Str+4}
 12837 | D:12     | Noticed Xoalot's ghost (journeyman HaEn)
 12849 | D:12     | Killed Xoalot's ghost
 12855 | D:12     | Got a scorched platinum ring
 12859 | D:12     | Identified the cursed ring of the Mackerel {rPois Str+7
                  | Int-5 Dex-3} (You found it on level 12 of the Dungeon)
 13400 | D:13     | Noticed a two-headed ogre
 13406 | D:13     | Killed a two-headed ogre
 13484 | D:13     | Found a gate leading to a gauntlet.
 13487 | D:13     | Noticed a two-headed ogre
 13501 | D:13     | Reached skill level 15 in Long Blades
 13509 | D:13     | Killed a two-headed ogre
 13580 | Gauntlet | Entered a Gauntlet
 13580 | Gauntlet | Found a transporter.
 13581 | Gauntlet | Noticed an entropy weaver
 13582 | Gauntlet | Found a runed translucent gate.
 13583 | Gauntlet | Found a transporter.
 13583 | Gauntlet | Found a runed translucent gate.
 13585 | Gauntlet | Found a transporter.
 13586 | Gauntlet | Found a runed translucent gate.
 13589 | Gauntlet | Found a transporter.
 13590 | Gauntlet | Found a transporter.
 13592 | Gauntlet | Found a transporter.
 13592 | Gauntlet | Noticed a death ooze
 13598 | Gauntlet | Found a transporter.
 13604 | Gauntlet | Found a transporter.
 13666 | Gauntlet | Noticed a dire elephant
 13669 | Gauntlet | Found a transporter.
 13685 | Gauntlet | Found a transporter.
 13689 | Gauntlet | Found a transporter.
 13695 | Gauntlet | Found a transporter.
 13821 | Gauntlet | Got a bound brass ring
 13837 | Gauntlet | Identified the ring "Dajolak" {+Fly MP+9} (You found it in
                  | a Gauntlet)
 13873 | Gauntlet | Killed a death ooze
 13886 | Gauntlet | Reached XP level 13. HP: 119/119 MP: 13/13
 13906 | Gauntlet | Got a vibrating bronze amulet
 13907 | Gauntlet | Identified the amulet of Nurag {Faith +Inv Str+4 Int+2
                  | Slay-5} (You found it in a Gauntlet)
 13967 | Gauntlet | Noticed a minotaur
 13979 | Gauntlet | Killed a minotaur
 14123 | D:10     | Bought a scroll of acquirement for 624 gold pieces
 14126 | D:10     | Got a slimy cloak
 14132 | D:10     | Identified the +0 cloak "Trusted Companion" {-Tele rElec
                  | Dex+7} (You acquired it on level 10 of the Dungeon)
 14444 | D:13     | You fall through a shaft for 2 floors!
 14444 | D:15     | Entered Level 15 of the Dungeon
 14474 | D:15     | Found a staircase to the Depths.
 14474 | D:15     | Noticed an ettin
 14520 | D:15     | Annihilated by an ettin

Vault maps used:
D:1:      lightli_molten_gateway
D:2:      minitemple, grunt_qazlal_clouds, minmay_unequal
D:3:      grunt_temple_overflow_gold_and_silver, minmay_misc_feat_columns,
          fedhas_altar_2
D:4:      first_ration, bloody_makhleb
D:5:      kennysheep_little_box, gup_sewer_entry_pipe, hangedman_decor_lopped
D:6:      kennysheep_mini_moat, st_stairs_6, corexii_hall_statues_l,
          minmay_crystal_room
D:7:      minmay_temple_entry_arrows, gammafunk_ghost_wrathful_warriors,
          grunt_ogre_cave
D:8:      serial_shops, shop, xom_teletrap_fun
D:9:      erik_orc_4, kennysheep_boxes
D:10:     minmay_clustersquares, enter_bailey_2, serial_shops, shop, shop,
          grunt_ministairs_1, trog_wizard
D:11:     grunt_lair_entry_orc_guard_hut, sword_in_stone
D:12:     serial_shops, shop_fountains, shop, ebering_ghost_xom
D:13:     gauntlet_entry_generic, tgw_lugonu_bribe
D:15:     hangedman_depths_entry_civil_slaughter, chequers_serial_rivers_marsh,
          basic_altar, lemuel_tele_altar
Temple:   nicolae_temple_no_exploring_needed
Sewer:    sewer_kobolds
Bailey:   bailey_axe_2, bailey
Gauntlet: minmay_gauntlet_mixed_oops_all_seconds

Skill      XL: |  1  2  3  4  5  6  7  8  9 10 11 12 |
---------------+-------------------------------------+-----
Dodging        | 3 4 5 6 7 8 9 10 | 10.8
Long Blades    | 4 5 6 7 9 10 12 13 15 | 15.5
Fighting       | 4 5 6 7 8 9 11 12 | 12.5

Action                   |  1- 3 |  4- 6 |  7- 9 | 10-12 | 13-15 || total
-------------------------+-------+-------+-------+-------+-------++-------
Melee: Falchion          |   104 |    83 |   253 |   164 |       ||   604
       Tailslap          |    10 |    26 |    62 |   110 |     7 ||   215
       Long sword        |       |    75 |   192 |       |       ||   267
       Great sword       |       |       |       |   410 |       ||   410
       Demon blade       |       |       |       |    75 |    33 ||   108
Invok: Berserk           |     1 |     5 |     8 |    22 |     2 ||    38
       Trog's Hand       |       |       |       |    10 |     2 ||    12
       Brothers in Arms  |       |       |       |     1 |     1 ||     2
 Abil: Breathe Acid      |       |       |       |     1 |       ||     1
  Use: Potion            |       |     2 |     2 |     5 |       ||     9
       Scroll            |       |       |    20 |     8 |     5 ||    33
 Stab: Sleeping          |     1 |     1 |       |       |       ||     2
       Paralysed         |       |       |       |     2 |       ||     2
  Eat: Chunk             |     1 |     9 |    20 |    35 |     2 ||    67
       Ration            |       |       |     1 |     5 |     1 ||     7
Armor: Skin              |    28 |    37 |   115 |   164 |     2 ||   346
Dodge: Dodged            |    82 |   142 |   384 |   504 |    12 ||  1124
       Rpst.: Falchion   |    26 |    20 |    57 |    26 |       ||   129
       Long sword        |       |    17 |    37 |       |       ||    54
       Great sword       |       |       |       |    92 |       ||    92
       Demon blade       |       |       |       |     6 |     2 ||     8

Table legend:
 A = Non-vault XP
 B = Vault XP
 C = Vault XP percentage of total XP
 D = Non-vault monster count
 E = Vault monster count
 F = Vault count percentage of total count
                 A         B        C        D         E       F
            +---------+---------+-------+---------+---------+-------
      Total |   29366 |   12581 |  30.0 |     359 |      99 |  21.6
            +---------+---------+-------+---------+---------+-------
        D:1 |      39 |       0 |   0.0 |      22 |       0 |   0.0
        D:2 |      48 |       6 |  11.1 |      15 |       3 |  16.7
        D:3 |     292 |       0 |   0.0 |      38 |       0 |   0.0
        D:4 |     426 |       0 |   0.0 |      14 |       0 |   0.0
        D:5 |     503 |      15 |   2.9 |      23 |       6 |  20.7
        D:6 |     655 |      44 |   6.3 |      24 |       1 |   4.0
        D:7 |    1620 |     125 |   7.2 |      18 |       1 |   5.3
        D:8 |    2118 |       0 |   0.0 |      56 |       0 |   0.0
        D:9 |    2070 |     486 |  19.0 |      38 |      15 |  28.3
       D:10 |    1534 |    2021 |  56.8 |      22 |      13 |  37.1
       D:11 |    5846 |    2555 |  30.4 |      40 |       8 |  16.7
       D:12 |    8576 |    1014 |  10.6 |      33 |       2 |   5.7
       D:13 |    4527 |       0 |   0.0 |      14 |       0 |   0.0
       D:15 |       0 |    1759 | 100.0 |       0 |       2 | 100.0
      Sewer |       0 |     113 | 100.0 |       0 |       8 | 100.0
     Bailey |       0 |     860 | 100.0 |       0 |      34 | 100.0
   Gauntlet |    1112 |    3583 |  76.3 |       2 |       6 |  75.0
            +---------+---------+-------+---------+---------+-------
